 Dungeon Crawl Stone Soup version 0.29.0-4-gdea44cf6ec (webtiles) character file.

Game seed: 1371352506157850850

829 qw the Cleaver (level 7, -1/41 HPs)
             Began as a Tengu Warper on Aug 28, 2022.
             Slain by an orc warrior
             ... wielding a +0 long sword
              (7 damage)
             ... on level 6 of the Dungeon.
             The game lasted 00:00:34 (5941 turns).

qw the Cleaver (Tengu Warper)                       Turns: 5941, Time: 00:00:34

Health: -1/41      AC: 13    Str: 14    XL:     7   Next: 97%
Magic:  11/11      EV:  5    Int: 13    God:
Gold:   229        SH:  9    Dex: 13    Spells: 10/10 levels left

rFire   . . .      SeeInvis .   Y - +1 hand axe
rCold   + . .      Faith    .   b - +0 buckler
rNeg    . . .      Spirit   .   g - +0 plate armour
rPois   .          Reflect  +   (helmet restricted)
rElec   .          Harm     .   h - +0 cloak
rCorr   +          Rampage  .   v - +0 pair of gloves
Will    .....                   (boots unavailable)
Stlth   ..........              a - amulet of reflection
HPRegen 0.13/turn               c - ring of protection from cold
MPRegen 0.12/turn               i - ring of resist corrosion

@: flying quickly and evasively, quick
A: beak, talons 3, nimble flight
a: no special abilities


You were on level 6 of the Dungeon.
You visited 1 branch of the dungeon, and saw 6 of its levels.

You collected 229 gold pieces.


Innate Abilities, Weirdness & Mutations

You have a beak for a mouth.
You have claws for feet.
Your magical nature lets you fly swiftly and evasively.


   Skills:
 - Level 3.0 Fighting
 - Level 8.0 Axes
 - Level 1.0 Throwing
 + Level 3.6 Armour
 - Level 2.1 Dodging
 - Level 2.5 Shields
 - Level 2.0 Spellcasting
 - Level 2.4 Translocations


You had 10 spell levels left.
You didn't know any spells.
Your spell library contained the following spells:

 Spells                   Type           Power      Damage    Failure   Level
 Blink                    Tloc           14%        N/A       100%        2
 Gell's Gravitas          Tloc           7%         N/A       100%        3
 Lesser Beckoning         Tloc           7%         N/A       100%        3
 Teleport Other           Tloc           7%         N/A       100%        3
 Manifold Assault         Tloc           7%         N/A       100%        5

Inventory:

Hand Weapons
 s - a +0 flail
 Y - a +1 hand axe (weapon)
Missiles
 r - 3 boomerangs (quivered)
Armour
 b - a +0 buckler (worn)
 g - a +0 plate armour (worn)
 h - a +0 cloak (worn)
 v - a +0 pair of gloves (worn)
Jewellery
 a - an amulet of reflection (around neck)
 c - a ring of protection from cold (left hand)
 i - a ring of resist corrosion (right hand)
 m - a ring of ice
Scrolls
 k - a scroll of identify
Potions
 d - a potion of haste
 e - 4 potions of curing
 f - a potion of mutation {unknown}
 j - a potion of invisibility {unknown}
 l - a potion of might {unknown}
 n - a potion of degeneration {unknown}
 o - a potion of flight {unknown}
 p - a potion of heal wounds {unknown}
 q - a potion of attraction {unknown}
 t - a potion of magic {unknown}
 u - a potion of berserk rage {unknown}

Dungeon Overview and Level Annotations

Branches:
Dungeon (6/15)
 Temple: D:4-7

Altars:
Vehumet

Shops:
D:1 [   D:4 :

Annotations:
D:5 2 transporters, qw's ghost, amateur TeWr


Message History

You closely miss something. The shadow imp gestures at you.
Something writhes in agony.
Something hits you.
You hit the orc warrior but do no damage.
Your kick misses the orc warrior.
You peck the orc warrior, but do no damage.
You hit something but do no damage. You barely miss the orc warrior.
You claw the orc warrior, but do no damage.
You miss something. The shadow imp puffs mist at you.
Something hits you but does no damage. The orc warrior barely misses you.
You hit the orc warrior but do no damage.
You peck the orc warrior, but do no damage.
You hit something.
Reactivating autopickup.
You feel a bit more experienced.
The orc warrior hits you with a +0 long sword.
You barely miss the orc warrior. Your peck misses the orc warrior.
You closely miss the shadow imp.
The shadow imp shouts, "Give up, thou surly unchin-snouted pimple!"
The shadow imp gestures at you. Pain shoots through your body!
You block the orc warrior's attack.
You closely miss the orc warrior. Your peck misses the orc warrior.
You hit the shadow imp but do no damage.
The shadow imp gestures at you. Pain shoots through your body!
You block the orc warrior's attack.
You completely miss the orc warrior. Your kick misses the orc warrior.
You completely miss the shadow imp. You block the shadow imp's attack.
The orc warrior hits you but does no damage.
You hit the orc warrior but do no damage.
Your kick misses the orc warrior. You hit the shadow imp.
The shadow imp hits you. You block the orc warrior's attack.
You hit the shadow imp. Your kick misses the shadow imp.
You peck the shadow imp.
You kill the shadow imp!
You hit the orc warrior.
The orc warrior hits you with a +0 long sword!
You die...

###+#
......#########
......)@......#
......o######.###
....... #...#
....... ###.#
....... #######.#
....... ........#
....##. ........#
.... #.
........#######
+######.......#


You could see an orc warrior.

Vanquished Creatures
  A centaur (D:5)
  A necrophage (D:5)
  A howler monkey (D:5)
  4 hounds
  3 orc priests
  6 iguanas
  3 orc wizards
  7 gnolls (D:2)
  6 adders
  A shadow imp (D:6)
  A white imp (D:5)
  An ufetubus (D:5)
  2 worms
  4 dart slugs
  7 orcs
  4 ball pythons
  4 bats
  6 endoplasms
  3 giant cockroaches (D:4)
  4 hobgoblins
  7 kobolds
  3 quokkas
  6 frilled lizards
  6 goblins
  3 rats
94 creatures vanquished.

Notes
Turn   | Place    | Note
-------+----------+-------------------------------------------
     0 | D:1      | qw the Tengu Warper began the quest for the Orb.
     0 | D:1      | Reached XP level 1. HP: 12/12 MP: 4/4
     0 | D:1      | 0 ||| qw: Version: 0.1-a-89-g26bdef1
     0 | D:1      | 0 ||| qw: Game counter: 2892
     0 | D:1      | 0 ||| qw: Always use a shield: true
     0 | D:1      | 0 ||| qw: God list: Okawaru
     0 | D:1      | 0 ||| qw: Allow faded altars: false
     0 | D:1      | 0 ||| qw: Do Orc after D:15 true
     0 | D:1      | 0 ||| qw: Do second Lair branch before Depths: true
     0 | D:1      | 0 ||| qw: Lair rune preference: random
     0 | D:1      | 0 ||| qw: Plans: Normal
     0 | D:1      | 0 ||| PLANNING D:1-11
    32 | D:1      | You fall into a shaft and drop 1 floor!
    44 | D:2      | 44 ||| DROPPING scroll of blinking.
   139 | D:1      | Found Tiplaxt's Antique Armour Emporium.
   142 | D:1      | Found a faded altar of an unknown god.
   145 | D:1      | 145 ||| SHOPLISTING chain mail (76 gold, have 0).
   145 | D:1      | 145 ||| SHOPLISTING plate armour (391 gold, have 0).
   145 | D:1      | 145 ||| SHOPLISTING ring mail (68 gold, have 0).
   185 | D:1      | Reached XP level 2. HP: 17/17 MP: 6/6
   236 | D:1      | Reached skill level 3 in Axes
   729 | D:1      | 729 ||| DROPPING +0 club.
   736 | D:1      | 736 ||| UPGRADING to +0 plate armour.
   746 | D:1      | 746 ||| DROPPING +0 leather armour.
   747 | D:1      | 747 ||| UPGRADING to +0 cloak.
   752 | D:1      | 752 ||| UPGRADING to ring of protection from cold.
   753 | D:1      | 753 ||| READING scroll labelled WIFOJI VIUXZUG.
   754 | D:1      | 754 ||| DRINKING 2 fizzy grey potions.
   755 | D:1      | 755 ||| DRINKING 3 smoky sapphire potions.
   858 | D:2      | Reached XP level 3. HP: 17/21 MP: 7/7
   988 | D:2      | Reached skill level 4 in Axes
   994 | D:2      | Reached XP level 4. HP: 21/26 MP: 8/8
  1195 | D:2      | 1195 ||| Stepping ~*~*~tactically~*~*~ (hiding).
  1196 | D:2      | 1196 ||| Stepping ~*~*~tactically~*~*~ (hiding).
  1197 | D:2      | 1197 ||| Stepping ~*~*~tactically~*~*~ (hiding).
  1211 | D:2      | HP: 6/26 [gnoll/+0 club (1)]
  1508 | D:2      | Reached skill level 5 in Axes
  1544 | D:2      | 1544 ||| Stepping ~*~*~tactically~*~*~ (stealth).
  1592 | D:2      | 1592 ||| Stepping ~*~*~tactically~*~*~ (stealth).
  1595 | D:2      | 1595 ||| Stepping ~*~*~tactically~*~*~ (stealth).
  1596 | D:2      | 1596 ||| Stepping ~*~*~tactically~*~*~ (stealth).
  1603 | D:2      | Gained mutation: Your magical nature lets you fly swiftly
                  | and evasively. [Tengu growth]
  1603 | D:2      | Reached XP level 5. HP: 23/30 MP: 9/9
  1810 | D:2      | 1810 ||| UPGRADING to +0 buckler.
  1815 | D:2      | 1815 ||| UPGRADING to amulet of reflection.
  1820 | D:2      | 1820 ||| UPGRADING to ring of resist corrosion.
  1821 | D:2      | 1821 ||| READING scroll labelled USCHING ZEDURO.
  1822 | D:2      | 1822 ||| READING scroll labelled VATRIP UMUAKY.
  1823 | D:2      | 1823 ||| READING scroll labelled NUSMAGHUCEBB.
  1824 | D:2      | 1824 ||| Stepping randomly (stuck).
  1825 | D:2      | 1825 ||| Stepping ~*~*~tactically~*~*~ (cloud).
  1832 | D:2      | HP: 7/30 [poisoned by you (poison gas)]
  2152 | D:3      | HP: 2/30 [iguana (7)]
  2154 | D:3      | Reached skill level 1 in Shields
  2270 | D:3      | 2270 ||| FLEEEEING.
  2271 | D:3      | 2271 ||| FLEEEEING.
  2272 | D:3      | 2272 ||| FLEEEEING.
  2273 | D:3      | 2273 ||| FLEEEEING.
  2274 | D:3      | 2274 ||| STAIRDANCE
  2432 | D:3      | 2432 ||| STAIRDANCE
  2445 | D:3      | HP: 3/30 [orc priest/divine providence (12)]
  2464 | D:3      | 2464 ||| FLEEEEING.
  2465 | D:3      | 2465 ||| STAIRDANCE
  3540 | D:3      | 3540 ||| READING scroll labelled LAAQUD TIHOEMAOR.
  3541 | D:3      | 3541 ||| READING scroll labelled MEIDEGAOCU.
  3542 | D:3      | 3542 ||| READING scroll labelled EKOM PUENABU.
  3543 | D:3      | 3543 ||| READING scroll labelled AMA ODUFUL QYN.
  3630 | D:4      | 3630 ||| FLEEEEING.
  3631 | D:4      | 3631 ||| FLEEEEING.
  3632 | D:4      | 3632 ||| FLEEEEING.
  3633 | D:4      | 3633 ||| FLEEEEING.
  3634 | D:4      | 3634 ||| FLEEEEING.
  3635 | D:4      | 3635 ||| FLEEEEING.
  3636 | D:4      | 3636 ||| FLEEEEING.
  3637 | D:4      | 3637 ||| STAIRDANCE
  3809 | D:4      | Reached skill level 6 in Axes
  3844 | D:4      | Reached XP level 6. HP: 35/35 MP: 10/10
  3875 | D:4      | 3875 ||| Stepping ~*~*~tactically~*~*~ (stealth).
  3887 | D:4      | Reached skill level 3 in Armour
  4212 | D:4      | 4212 ||| DROPPING +0 mace.
  4475 | D:4      | Found Wosm's Book Emporium.
  4646 | D:5      | Entered Level 5 of the Dungeon
  4791 | D:5      | Found a transporter.
  4792 | D:5      | Found a radiant altar of Vehumet.
  4804 | D:5      | Reached skill level 7 in Axes
  4804 | D:5      | Reached XP level 7. HP: 40/40 MP: 11/11
  5042 | D:5      | Found a transporter.
  5042 | D:5      | Noticed qw's ghost (amateur TeWr)
  5113 | D:5      | Reached skill level 3 in Fighting
  5377 | D:5      | HP: 8/41 [orc priest/+0 trident (4)]
  5827 | D:5      | 5827 ||| UPGRADING to +0 pair of gloves.
  5888 | D:6      | Reached skill level 8 in Axes
  5923 | D:6      | 5923 ||| Stepping ~*~*~tactically~*~*~ (hiding).
  5938 | D:6      | HP: 10/41 [shadow imp/nerve-wracking pain (12)]
  5941 | D:6      | Slain by an orc warrior

Levels and vault maps discovered:
D:1:      dpeg_arrival_chambers_temple_mockup, layout_basic, serial_shops, shop,
          chequers_ecumenical_altar_simple
D:2:      layout_basic
D:3:      layout_loops_ring, serial_rivers, chequers_serial_rivers_micro_d,
          chequers_serial_rivers_large_b, chequers_serial_rivers_micro_a,
          chequers_serial_rivers_large_a, chequers_serial_rivers_micro_c,
          minmay_misc_feat_encased
D:4:      layout_basic, serial_shops, kennysheep_mini_moat, minmay_vboxes
D:5:      layout_basic, mainiacjoe_overflow_boulevard, gammafunk_ghost_arena,
          kennysheep_generic_room_4
D:6:      layout_basic, kennysheep_mini, uniq_duvessa, uniq_blork_the_orc

Skill      XL: |  1  2  3  4  5  6  7 |
---------------+----------------------+-----
Axes           | 3 4 5 6 7 8 |  8.0
Armour         | 2 3 |  3.6
Shields        | 1 2 |  2.5
Fighting       | 3 |  3.0
Throwing       | |  1.0
Dodging        | |  2.1
Spellcasting   | |  2.0
Translocations | |  2.4

Action                   |  1- 3 |  4- 6 |  7- 9 || total
-------------------------+-------+-------+-------++-------
Melee: Hand axe          |    40 |   173 |    75 ||   288
       Kick              |    12 |    54 |    20 ||    86
       Peck              |     6 |    27 |    13 ||    46
       Punch             |       |     1 |       ||     1
Throw: Boomerang         |     7 |    41 |     9 ||    57
  Use: Potion            |     2 |       |       ||     2
       Scroll            |     1 |     7 |       ||     8
Armor: Plate armour      |    19 |    84 |    44 ||   147
       Leather armour    |     1 |       |       ||     1
Dodge: Dodged            |    12 |    34 |    13 ||    59
Block: Buckler           |       |    50 |    33 ||    83
       Reflection        |       |     2 |       ||     2

Table legend:
 A = Non-vault XP
 B = Vault XP
 C = Vault XP percentage of total XP
 D = Non-vault monster count
 E = Vault monster count
 F = Vault count percentage of total count
                 A         B        C        D         E       F
            +---------+---------+-------+---------+---------+-------
      Total |     989 |     207 |  17.3 |      85 |       9 |   9.6
            +---------+---------+-------+---------+---------+-------
        D:1 |      21 |       0 |   0.0 |      13 |       0 |   0.0
        D:2 |     149 |       0 |   0.0 |      23 |       0 |   0.0
        D:3 |     119 |       0 |   0.0 |      16 |       0 |   0.0
        D:4 |      40 |     153 |  79.3 |      11 |       8 |  42.1
        D:5 |     541 |      54 |   9.1 |      16 |       1 |   5.9
        D:6 |     119 |       0 |   0.0 |       6 |       0 |   0.0
            +---------+---------+-------+---------+---------+-------
